 Dungeon Crawl Stone Soup version 0.28.0-45-g0d030f2227 (webtiles) character file.

Game seed: 16385605244850308940

1371 Ablot the Grasshopper (level 8, -11/64 HPs)
             Began as a Gnoll Warper on Mar 30, 2022.
             Was a Follower of Okawaru.
             Mangled by a gargoyle
             ... wielding a +0 mace
              (16 damage)
             ... on level 5 of the Dungeon.
             The game lasted 00:08:36 (6914 turns).

Ablot the Grasshopper (Gnoll Warper)                Turns: 6914, Time: 00:08:37

Health: -11/64     AC:  5    Str: 13    XL:     8   Next: 65%
Magic:  15/17      EV: 18    Int: 12    God:    Okawaru [*.....]
Gold:   246        SH:  5    Dex: 18    Spells: 17/19 levels left

rFire   . . .      SeeInvis .   C - +2 hunting sling (freeze)
rCold   . . .      Faith    .   (no shield)
rNeg    . . .      Spirit   .   b - +0 leather armour
rPois   .          Reflect  +   y - +0 helmet
rElec   .          Harm     .   (no cloak)
rCorr   .          Rampage  .   (no gloves)
Will    .....                   (no boots)
Stlth   ++++......              A - amulet of reflection
HPRegen 0.20/turn               i - +6 ring of dexterity
MPRegen 0.15/turn               (no ring)

@: heroic
A: fangs 1, strong nose, distributed training
a: Renounce Religion, Heroism


You were on level 5 of the Dungeon.
You worshipped Okawaru.
Okawaru was aware of your devotion.
You visited 2 branches of the dungeon, and saw 6 of its levels.

You collected 246 gold pieces.

Inventory:

Hand Weapons
 a - a +0 spear
 j - a +2 dagger of draining
 C - a +2 hunting sling of freezing (weapon)
Missiles
 d - 5 boomerangs of dispersal
 e - 138 stones
 l - 24 bolts
 m - 3 sling bullets (quivered ammo)
 r - 9 poisoned darts
 t - 64 arrows
Armour
 b - a +0 leather armour (worn)
 n - an orb of guile
 y - a +0 helmet (worn)
 B - a +0 buckler
Jewellery
 i - a +6 ring of dexterity (left hand)
 A - an amulet of reflection (around neck)
Wands
 u - a wand of polymorph (4)
Scrolls
 c - a scroll of blinking
 f - 3 scrolls of identify {unknown}
 g - 2 scrolls of magic mapping {unknown}
 h - a scroll of immolation {unknown}
 k - a scroll of vulnerability {unknown}
 o - 3 scrolls of teleportation {unknown}
 p - a scroll of fog {unknown}
Potions
 q - 2 potions of curing {unknown}
 s - a potion of flight {unknown}
 w - a potion of haste {unknown}
 x - a potion of resistance {unknown}
 z - a potion of brilliance {unknown}


   Skills:
 + Level 5.8(10.8) Fighting
 + Level 3.4(8.4) Short Blades
 + Level 3.4(8.4) Long Blades
 + Level 3.4(8.4) Axes
 + Level 3.4(8.4) Maces & Flails
 + Level 5.8(10.8) Polearms
 + Level 3.4(8.4) Staves
 + Level 3.4(8.4) Slings
 + Level 3.4(8.4) Bows
 + Level 3.4(8.4) Crossbows
 + Level 4.3(9.3) Throwing
 + Level 4.3(9.3) Armour
 + Level 5.8(10.8) Dodging
 + Level 3.4(8.4) Stealth
 + Level 3.4(8.4) Shields
 + Level 3.4(8.4) Unarmed Combat
 + Level 6.1 Spellcasting
 + Level 2.8 Conjurations
 + Level 2.8 Hexes
 + Level 2.8 Summonings
 + Level 2.8 Necromancy
 + Level 6.2 Translocations
 + Level 2.8 Transmutations
 + Level 2.8 Fire Magic
 + Level 2.8 Ice Magic
 + Level 2.8 Air Magic
 + Level 2.8 Earth Magic
 + Level 2.8 Poison Magic
 + Level 3.8 Invocations
 + Level 3.4 Evocations


You had 17 spell levels left.
You knew the following spells:

 Your Spells              Type           Power      Damage    Failure   Level
a - Blink                 Tloc           36%        N/A       2%          2

Your spell library contained the following spells:

 Spells                   Type           Power      Damage    Failure   Level
 Gell's Gravitas          Tloc           18%        N/A       4%          3
 Lesser Beckoning         Tloc           18%        N/A       4%          3
 Teleport Other           Tloc           18%        N/A       4%          3
 Portal Projectile        Hex/Tloc       28%        N/A       10%         3
 Manifold Assault         Tloc           18%        N/A       41%         5
 Cause Fear               Hex            5%         N/A       54%         4
 Leda's Liquefaction      Hex/Erth       5%         N/A       54%         4
 Dragon Form              Tmut           5%         N/A       100%        7
 Call Canine Familiar     Summ           Unusable   N/A       N/A         3
 Dragon's Call            Summ           Unusable   N/A       N/A         9

Dungeon Overview and Level Annotations

Branches:
Dungeon (5/15)             Temple (1/1) D:4

Altars:
Ashenzari
Cheibriados
Dithmenos
Elyvilon
Fedhas
Gozag
Hepliaklqana
Kikubaaqudgha
Makhleb
Nemelex Xobeh
Okawaru
Ru
Sif Muna
Trog
Uskayaw
Vehumet
Wu Jian
Xom
Yredelemnul
Zin
The Shining One


Innate Abilities, Weirdness & Mutations

You have very sharp teeth.
Your uncanny sense of smell can sniff out nearby items.
Your experience applies equally to all skills.


Message History

The sling bullet hits the gargoyle but does no damage.
The gargoyle is moderately damaged.
The gargoyle hits you with a +0 mace!
* * * LOW HITPOINT WARNING * * *
Fire: 8 sling bullets
Press: ? - help, Q - select action, (/) - cycle Shift-Dir - straight line, f/p - gargoyle
Aim: a gargoyle, wielding a +0 mace (moderately damaged, 82% to hit)
You shoot a sling bullet.
The sling bullet barely misses the gargoyle.
The gargoyle hurls a stone arrow at you.
The stone arrow misses you.
Fire: 7 sling bullets
Press: ? - help, Q - select action, (/) - cycle Shift-Dir - straight line, f/p - gargoyle
Aim: a gargoyle, wielding a +0 mace (moderately damaged, 82% to hit)
You shoot a sling bullet. The sling bullet hits the gargoyle!
The sling bullet freezes the gargoyle.
The gargoyle is severely damaged.
Fire: 6 sling bullets
Press: ? - help, Q - select action, (/) - cycle Shift-Dir - straight line, f/p - gargoyle
Aim: a gargoyle, wielding a +0 mace (severely damaged, 82% to hit)
You shoot a sling bullet.
The sling bullet barely misses the gargoyle.
The gargoyle hits you with a +0 mace!
* * * LOW HITPOINT WARNING * * *
Fire: 5 sling bullets
Press: ? - help, Q - select action, (/) - cycle Shift-Dir - straight line, f/p - gargoyle
Aim: a gargoyle, wielding a +0 mace (severely damaged, 82% to hit)
You shoot a sling bullet.
The sling bullet hits the gargoyle but does no damage.
The gargoyle is severely damaged.
The gargoyle hurls a stone arrow at you.
The stone arrow hits you.
* * * LOW HITPOINT WARNING * * *
Fire: 4 sling bullets
Press: ? - help, Q - select action, (/) - cycle Shift-Dir - straight line, f/p - gargoyle
Aim: a gargoyle, wielding a +0 mace (severely damaged, 82% to hit)
You shoot a sling bullet.
The sling bullet completely misses the gargoyle.
The gargoyle hits you with a +0 mace!
You die...

#.Z....# #.(....#
#.<....# #......#
#..#.### #(#..#
####.#.## .. #..(9#.#
#.#. ######..@##.#
#...# #......).##.#
##...####.##..)..##.#
.................##.#
##........##.#...##.#
#?.......#...#...#
............##.####
..........#.......#
......)...#...##..#


You could see a gargoyle.

Vanquished Creatures
  Grinder (D:4)
  An orc warrior (D:4)
  A black bear (D:4)
  2 ogres
  A centaur (D:5)
  A scorpion (D:4)
  2 orc priests
  4 hounds (D:5)
  A bullfrog skeleton (D:4)
  Ijyb (D:2)
  Natasha (thrice) (D:2)
  4 iguanas
  2 orc wizards (D:3)
  A killer bee zombie (D:5)
  2 hound skeletons
  A gnoll (D:3)
  6 adders
  An adder skeleton (D:4)
  2 dart slugs
  14 orcs
  2 bats
  13 endoplasms
  4 giant cockroaches
  4 hobgoblins
  6 jackals
  12 kobolds
  2 quokkas
  8 ball pythons
  4 frilled lizards
  7 goblins
  7 rats
120 creatures vanquished.

Notes
Turn   | Place    | Note
-------+----------+-------------------------------------------
     0 | D:1      | Ablot the Gnoll Warper began the quest for the Orb.
     0 | D:1      | Reached XP level 1. HP: 20/20 MP: 6/6
    79 | D:1      | Reached XP level 2. HP: 19/26 MP: 7/7
    86 | D:1      | Learned a level 2 spell: Blink
  1023 | D:1      | Reached XP level 3. HP: 27/28 MP: 9/9
  1038 | D:1      | Reached skill level 5 in Spellcasting
  1307 | D:2      | Noticed Natasha
  1317 | D:2      | Killed Natasha
  1318 | D:2      | Reached skill level 1 in Short Blades
  1318 | D:2      | Reached skill level 1 in Long Blades
  1318 | D:2      | Reached skill level 1 in Axes
  1318 | D:2      | Reached skill level 1 in Maces & Flails
  1318 | D:2      | Reached skill level 1 in Staves
  1318 | D:2      | Reached skill level 1 in Slings
  1318 | D:2      | Reached skill level 1 in Bows
  1318 | D:2      | Reached skill level 1 in Crossbows
  1318 | D:2      | Reached skill level 1 in Stealth
  1318 | D:2      | Reached skill level 1 in Shields
  1318 | D:2      | Reached skill level 1 in Unarmed Combat
  1318 | D:2      | Reached skill level 1 in Invocations
  1318 | D:2      | Reached skill level 1 in Evocations
  1572 | D:2      | Reached XP level 4. HP: 33/38 MP: 11/11
  1793 | D:2      | Noticed Natasha
  1801 | D:2      | Killed Natasha
  1802 | D:2      | Reached skill level 1 in Conjurations
  1802 | D:2      | Reached skill level 1 in Hexes
  1802 | D:2      | Reached skill level 1 in Summonings
  1802 | D:2      | Reached skill level 1 in Necromancy
  1802 | D:2      | Reached skill level 1 in Transmutations
  1802 | D:2      | Reached skill level 1 in Fire Magic
  1802 | D:2      | Reached skill level 1 in Ice Magic
  1802 | D:2      | Reached skill level 1 in Air Magic
  1802 | D:2      | Reached skill level 1 in Earth Magic
  1802 | D:2      | Reached skill level 1 in Poison Magic
  2180 | D:2      | Noticed Natasha
  2191 | D:2      | Killed Natasha
  2192 | D:2      | Reached XP level 5. HP: 41/43 MP: 12/12
  2365 | D:3      | Noticed Ijyb
  2586 | D:2      | Killed Ijyb
  3141 | D:3      | Reached XP level 6. HP: 50/50 MP: 13/13
  3516 | D:3      | Reached skill level 5 in Fighting
  3516 | D:3      | Reached skill level 5 in Polearms
  3516 | D:3      | Reached skill level 5 in Dodging
  4235 | D:4      | Found a staircase to the Ecumenical Temple.
  4246 | Temple   | Entered the Ecumenical Temple
  4255 | Temple   | Reached XP level 7. HP: 19/56 MP: 15/15
  4777 | Temple   | Became a worshipper of Warmaster Okawaru
  5280 | D:4      | Found a shimmering altar of Xom.
  5554 | D:5      | Entered Level 5 of the Dungeon
  5689 | D:5      | Noticed a gargoyle
  6028 | D:5      | Reached XP level 8. HP: 63/63 MP: 16/16
  6050 | D:5      | Noticed Grinder
  6050 | D:5      | Paralysed by Grinder for 4 turns
  6087 | D:4      | Reached * piety under Okawaru
  6457 | D:5      | Paralysed by Grinder for 2 turns
  6503 | D:5      | Paralysed by Grinder for 4 turns
  6515 | D:4      | Paralysed by Grinder for 6 turns
  6545 | D:4      | Killed Grinder
  6884 | D:5      | Found a white marble altar of Elyvilon.
  6914 | D:5      | Mangled by a gargoyle

Illustrated notes

Levels and vault maps discovered:
D:1:      tarquinn_simple_flora_water_c, layout_basic
D:2:      layout_basic, dk_noncrumbling_2, nrook_campfire, uniq_natasha
D:3:      minmay_bubble_buster, layout_basic, uniq_ijyb
D:4:      layout_basic, mainiacjoe_overflow_surrounded_room,
          minmay_temple_entry_proselytizer
D:5:      layout_rooms, nicolae_sextant, minmay_ruined_shrine, uniq_grinder
Temple:   mainiacjoe_temple_cubbyholes

Skill      XL: |  1  2  3  4  5  6  7  8 |
---------------+-------------------------+-----
Spellcasting   | 5 6 |  6.1
Short Blades   | 1 2 3 |  3.4
Long Blades    | 1 2 3 |  3.4
Axes           | 1 2 3 |  3.4
Maces & Flails | 1 2 3 |  3.4
Staves         | 1 2 3 |  3.4
Slings         | 1 2 3 |  3.4
Bows           | 1 2 3 |  3.4
Crossbows      | 1 2 3 |  3.4
Stealth        | 1 2 3 |  3.4
Shields        | 1 2 3 |  3.4
Unarmed Combat | 1 2 3 |  3.4
Invocations    | 1 2 3 |  3.8
Evocations     | 1 2 3 |  3.4
Conjurations   | 1 2 |  2.8
Hexes          | 1 2 |  2.8
Summonings     | 1 2 |  2.8
Necromancy     | 1 2 |  2.8
Transmutations | 1 2 |  2.8
Fire Magic     | 1 2 |  2.8
Ice Magic      | 1 2 |  2.8
Air Magic      | 1 2 |  2.8
Earth Magic    | 1 2 |  2.8
Poison Magic   | 1 2 |  2.8
Throwing       | 3 4 |  4.3
Armour         | 3 4 |  4.3
Fighting       | 5 |  5.8
Polearms       | 5 |  5.8
Dodging        | 5 |  5.8
Translocations | 6 |  6.2

Action                   |  1- 3 |  4- 6 |  7- 9 || total
-------------------------+-------+-------+-------++-------
Melee: Spear             |    66 |    18 |       ||    84
       Bite              |     7 |    27 |    17 ||    51
       Dagger            |    24 |   195 |   124 ||   343
       Punch             |     4 |     2 |     4 ||    10
 Fire: Hunting sling     |       |       |    55 ||    55
Throw: Dart              |       |       |    14 ||    14
 Cast: Blink             |       |       |     6 ||     6
Invok: Heroism           |       |       |     1 ||     1
  Use: Potion            |       |       |     1 ||     1
 Stab: Sleeping          |     2 |     8 |     3 ||    13
       Distracted        |       |       |     1 ||     1
Armor: Leather armour    |    19 |    32 |    23 ||    74
Dodge: Dodged            |    44 |   117 |    89 ||   250
Block: Other             |       |     4 |    43 ||    47
